 Dungeon Crawl Stone Soup version 0.25-a0-766-g0ecfff5 (console) character file.

Game seed: 6763676821769447703, levelgen mode: deterministic

7125 HarryHood the Basher (level 10, -12/93 HPs)
             Began as a Minotaur Berserker on Sept 7, 2019.
             Was an Elder of Trog.
             Hit by a large rock thrown by a stone giant (36 damage)
             ... on level 9 of the Dungeon on Apr 13, 2020.
             The game lasted 00:50:56 (9376 turns).

HarryHood the Basher (Minotaur Berserker)           Turns: 9376, Time: 00:50:56

Health: -12/93     AC: 16    Str: 25    XL:     10   Next: 85%
Magic:  9/9        EV:  9    Int:  4    God:    Trog [****..]
Gold:   404        SH:  4    Dex: 10    Spells: 9/9 levels left

rFire    . . .     SeeInvis .   a - +0 flail
rCold    . . .     Gourm    +   x - +0 buckler
rNeg     . . .     Faith    .   o - +0 chain mail
rPois    .         Spirit   .   (helmet restricted)
rElec    .         Reflect  .   l - +1 cloak
rCorr    .         Harm     .   w - +1 pair of gloves {archery}
MR       .....                  (no boots)
Stlth    ..........             A - amulet of the gourmand
HPRegen  0.25/turn              b - ring of flight
MPRegen  0.11/turn              (no ring)

@: no status effects
A: retaliatory headbutt, horns 2
a: Berserk, Trog's Hand, Brothers in Arms, Renounce Religion, Evoke Flight


You were on level 9 of the Dungeon.
You worshipped Trog.
Trog was greatly pleased with you.
You were very full.

You visited 2 branches of the dungeon, and saw 10 of its levels.

You collected 644 gold pieces.
You spent 240 gold pieces at shops.

Inventory:

Hand Weapons
 a - a +0 flail (weapon)
Missiles
 j - 52 sling bullets
 s - 5 boomerangs of dispersal (quivered)
 B - 6 boomerangs
Armour
 g - a +0 plate armour
 l - a +1 cloak (worn)
 o - a +0 chain mail (worn)
 w - a +1 pair of gloves of archery (worn)
 x - a +0 buckler (worn)
Jewellery
 b - a ring of flight (left hand)
 k - an uncursed amulet of faith
 A - an amulet of the gourmand (around neck)
 D - an uncursed ring of poison resistance {unknown}
Scrolls
 d - 2 scrolls of immolation {!r}
 m - 5 scrolls of teleportation {@r0}
 q - 3 scrolls of remove curse {@r1}
 r - a scroll of fog {unknown}
 z - a scroll of enchant armour
Potions
 c - 5 potions of curing {@q2}
 f - 5 potions of mutation {!q}
 h - 2 potions of ambrosia
 i - 2 potions of heal wounds {@q1}
 n - 3 potions of haste
 p - 3 potions of might
 t - a potion of stabbing {unknown}
 u - a potion of cancellation {unknown}
 v - a potion of resistance {unknown}
 y - a potion of degeneration {unknown}
 C - a potion of brilliance {unknown}
Comestibles
 e - 14 rations {@e1}
 E - 9 chunks of flesh


   Skills:
 + Level 10.0 Fighting
 - Level 14.0 Maces & Flails
 + Level 9.9 Armour
 - Level 2.1 Dodging
 - Level 4.0 Shields


You had 9 spell levels left.
You didn't know any spells.
Your spell library was empty.

Dungeon Overview and Level Annotations

Branches:
Dungeon (9/15)             Temple (1/1) D:4
   Lair: D:8-11         Orc: D:9-12

Altars:
Ashenzari
Cheibriados
Dithmenos
Elyvilon
Fedhas
Gozag
Hepliaklqana
Kikubaaqudgha
Makhleb
Nemelex Xobeh
Okawaru
Qazlal
Ru
Sif Muna
Trog
Uskayaw
Vehumet
Wu Jian
Xom
Yredelemnul
Zin
The Shining One
Beogh

Shops:
D:6 [[   D:7 *   D:8 ?


Innate Abilities, Weirdness & Mutations

You reflexively headbutt those who attack you in melee.
You have a pair of horns on your head.


Message History

The five-headed hydra barely misses you.
You block the five-headed hydra's attack.
The five-headed hydra barely misses you.
The five-headed hydra bites you.
The five-headed hydra closely misses you.
You take 5 damage, and have 41/91 hp.
You barely miss the five-headed hydra. You headbutt the five-headed hydra.
The five-headed hydra bites you!
The five-headed hydra bites you but does no damage.
The five-headed hydra bites you.
The five-headed hydra barely misses you.
The five-headed hydra bites you!
* * * LOW HITPOINT WARNING * * *
You take 18 damage, and have 23/91 hp.
You hit the five-headed hydra.
You kill the five-headed hydra!
Trog accepts your kill.
Your Fighting skill increases to level 10!
The stone giant throws a large rock.
The large rock hits you!!!
You die...

#......).((..........#..#
..######......##########.##...##
#.............'..▒..▒..#.#..#####
....####......#..'..'..#.#.....#.
.....###......#▒▒▒▒▒▒†▒#.#.......
......#.......#..+ ▒..#..../....
..>...#.#.....#.C▒ ▒..#.#.......
......#.#.....#▒†▒▒▒▒÷▒#.#.......
........##....#.@).8'..#.##......
.......###....#..▒8.▒..#..#....#.
...........##.##########....####.
......#.#................#.## #.
..........##...####....<...# ##.
......##.####### #.......## #..
......#..# #.......# ##.#
........## #....[.## #..#
.....##. #......# ##.##


You could see a stone giant.

Vanquished Creatures
  A hydra (D:9)
  A two-headed ogre (D:8)
  An unseen horror (D:9)
  A kobold demonologist (D:9)
  2 trolls (D:9)
  2 hornets
  Grinder (D:3)
  A spriggan (D:7)
  A water moccasin (D:6)
  An orc warrior (D:8)
  2 ice beasts (D:6)
  3 sky beasts
  5 centaurs
  An ogre (D:7)
  A crocodile (D:8)
  A big kobold (D:7)
  4 bullfrogs
  2 gnoll sergeants
  2 water moccasin skeletons
  A scorpion (D:8)
  6 crimson imps
  A quasit (D:9)
  4 hounds
  Crazy Yiuf (D:2)
  12 orc priests
  A jelly (D:5)
  A centaur skeleton (D:9)
  A gnoll shaman (D:4)
  Terence (D:2)
  15 orc wizards
  2 iguanas
  2 worker ants
  A hound zombie (D:7)
  A worker ant zombie (D:5)
  9 adders
  38 gnolls
  2 shadow imps
  An ooze (D:1)
  2 adder skeletons
  7 worms
  2 dart slugs (D:5)
  10 leopard geckos
  34 orcs
  2 ball pythons
  4 giant cockroaches
  9 goblins
  8 hobgoblins
  27 jackals
  26 kobolds
  2 quokkas
  6 bats
  5 frilled lizards
  A leopard gecko skeleton (D:4)
  2 quokka skeletons
  6 rats
  3 plants (D:7)
289 creatures vanquished.

Notes
Turn   | Place    | Note
-------+----------+-------------------------------------------
     0 | D:1      | HarryHood the Minotaur Berserker began the quest for the
                  | Orb.
     0 | D:1      | Reached XP level 1. HP: 19/19 MP: 0/0
    22 | D:1      | Reached skill level 4 in Fighting
   262 | D:1      | Reached XP level 2. HP: 23/28 MP: 1/1
   696 | D:1      | Reached skill level 5 in Fighting
   702 | D:1      | Reached XP level 3. HP: 35/36 MP: 2/2
   789 | D:1      | Found a shattered altar of Ashenzari.
   791 | D:1      | Found an ancient bone altar of Kikubaaqudgha.
   791 | D:1      | Found a shimmering altar of Xom.
   793 | D:1      | Found a hazy altar of Hepliaklqana.
   793 | D:1      | Found a sacrificial altar of Ru.
   793 | D:1      | Found an ornate altar of the Wu Jian Council.
  1102 | D:2      | Reached ** piety under Trog
  1160 | D:2      | Reached XP level 4. HP: 42/44 MP: 3/3
  1170 | D:2      | Reached skill level 6 in Fighting
  1241 | D:2      | Reached skill level 4 in Maces & Flails
  1349 | D:2      | Noticed Terence
  1360 | D:2      | Killed Terence
  1432 | D:2      | Found a snail-covered altar of Cheibriados.
  1433 | D:2      | Found an iron altar of Okawaru.
  1434 | D:2      | Found a hazy altar of Hepliaklqana.
  1737 | D:2      | Reached skill level 5 in Maces & Flails
  1738 | D:2      | Reached XP level 5. HP: 26/50 MP: 4/4
  1902 | D:2      | Found a runed translucent door.
  1903 | D:2      | Noticed Crazy Yiuf
  1912 | D:2      | Killed Crazy Yiuf
  2228 | D:3      | Reached skill level 6 in Maces & Flails
  2237 | D:3      | Reached skill level 3 in Armour
  2264 | D:3      | Reached XP level 6. HP: 42/57 MP: 5/5
  2349 | D:3      | Reached *** piety under Trog
  2374 | D:3      | Reached skill level 4 in Armour
  2406 | D:3      | Noticed Grinder
  2411 | D:3      | Killed Grinder
  2411 | D:3      | Reached skill level 5 in Armour
  2415 | D:3      | Reached skill level 6 in Armour
  2501 | D:3      | Received a gift from Trog
  2636 | D:3      | Found an ancient bone altar of Kikubaaqudgha.
  2879 | D:3      | Reached XP level 7. HP: 63/63 MP: 6/6
  2923 | D:3      | Found a roughly hewn altar of Beogh.
  3000 | D:3      | Found a faded altar of an unknown god.
  3220 | D:3      | Upgraded the game from 0.24-a0-584-g9d6b971 to
                  | 0.24-a0-613-g1ff6aac
  3223 | D:4      | Found a staircase to the Ecumenical Temple.
  3307 | D:4      | Reached **** piety under Trog
  3323 | D:4      | Reached skill level 7 in Maces & Flails
  3408 | D:4      | Reached skill level 7 in Fighting
  3560 | Temple   | Entered the Ecumenical Temple
  3875 | D:4      | Reached XP level 8. HP: 51/74 MP: 7/7
  4046 | D:4      | Reached skill level 8 in Fighting
  4046 | D:4      | Reached skill level 8 in Maces & Flails
  4387 | D:4      | Reached ***** piety under Trog
  4887 | D:5      | Entered Level 5 of the Dungeon
  5104 | D:5      | Reached skill level 9 in Fighting
  5104 | D:5      | Reached skill level 9 in Maces & Flails
  5242 | D:5      | Found a glowing golden altar of the Shining One.
  5400 | D:6      | Found Hyocoxt Xout's Armour Shop.
  5410 | D:6      | Bought a +0 buckler for 54 gold pieces
  5516 | D:6      | Reached skill level 1 in Shields
  5540 | D:6      | Reached skill level 2 in Shields
  5562 | D:6      | Reached XP level 9. HP: 83/83 MP: 8/8
  5566 | D:6      | Found an opulent altar of Gozag.
  5578 | D:6      | Reached skill level 7 in Armour
  5761 | D:6      | Found a radiant altar of Vehumet.
  5934 | D:6      | Reached skill level 3 in Shields
  6043 | D:6      | Found Halargh's Armour Shoppe.
  6696 | D:7      | Reached skill level 4 in Shields
  6731 | D:7      | Reached skill level 10 in Maces & Flails
  6778 | D:7      | Received a gift from Trog
  7034 | D:7      | Found Ocwuoh's Assorted Antiques.
  7050 | D:7      | Bought a scroll of remove curse for 54 gold pieces
  7050 | D:7      | Bought a scroll of remove curse for 54 gold pieces
  7198 | D:7      | Reached skill level 8 in Armour
  7855 | D:8      | Reached skill level 11 in Maces & Flails
  7859 | D:8      | Reached skill level 9 in Armour
  8161 | D:8      | Found Cunkia's Magic Scroll Emporium.
  8181 | D:8      | Noticed a two-headed ogre
  8193 | D:8      | Upgraded the game from 0.24-a0-613-g1ff6aac to
                  | 0.25-a0-766-g0ecfff5
  8209 | D:8      | Killed a two-headed ogre
  8209 | D:8      | Reached skill level 12 in Maces & Flails
  8209 | D:8      | Reached XP level 10. HP: 27/91 MP: 9/9
  8472 | D:8      | Bought 2 scrolls of identify for 52 gold pieces
  8472 | D:8      | Bought a scroll of identify for 26 gold pieces
  8559 | D:8      | Found a stormy altar of Qazlal.
  8759 | D:9      | Found a burning altar of Makhleb.
  8796 | D:9      | Reached skill level 13 in Maces & Flails
  8900 | D:9      | Killed an unseen horror
  9233 | D:9      | Reached skill level 14 in Maces & Flails
  9321 | D:9      | Found a runed translucent door.
  9365 | D:9      | Noticed a stone giant
  9365 | D:9      | Noticed a five-headed hydra
  9376 | D:9      | Killed a five-headed hydra
  9376 | D:9      | Reached skill level 10 in Fighting
  9376 | D:9      | Hit by a large rock thrown by a stone giant

Levels and vault maps discovered:
D:1:      tarquinn_simple_flora_water_c, layout_basic, doesnt_xom_only_xom
D:2:      layout_loops_ring, minitemple, first_ration, uniq_crazy_yiuf_cottage,
          uniq_terence
D:3:      layout_loops_corners, lemuel_coloured_pillars_altar,
          chequers_ecumenical_altar_twisty, kennysheep_orc_chapel, uniq_grinder
D:4:      lemuel_castle_with_subvaults [lemuel_castle_interior_carwin_2],
          layout_basic, temple_pool_b
D:5:      layout_rooms, overflow_temple_1_default
D:6:      layout_loops_ring, fiery_altar_vehumet, serial_shops, shop,
          nicolae_shop_behind_doors,
          nicolae_gozag_cash_rules_everything_around_me
D:7:      kennysheep_kobold_camp, layout_basic, serial_shops, shop,
          minmay_crystal_water, the_bakery
D:8:      layout_rooms, grunt_qazlal_clouds, serial_shops, shop
D:9:      layout_rooms, nicolae_overflow_crystal_walls, minivault_13
Temple:   dpeg_chambers_temple

Skill      XL: |  1  2  3  4  5  6  7  8  9 10 |
---------------+-------------------------------+-----
Fighting       | 4 5 6 7 9 10 | 10.0
Maces & Flails | 5 6 7 9 12 14 | 14.0
Armour         | 3 6 9 |  9.9
Shields        | 2 4 |  4.0
Dodging        | |  2.1

Action                   |  1- 3 |  4- 6 |  7- 9 | 10-12 || total
-------------------------+-------+-------+-------+-------++-------
Melee: Mace              |    56 |    94 |       |       ||   150
       Headbutt          |     9 |    23 |   137 |    23 ||   192
       Flail             |       |    51 |   522 |    90 ||   663
Invok: Berserk           |       |     2 |     1 |       ||     3
  Use: Scroll            |     3 |     3 |     5 |     4 ||    15
       Potion            |       |       |       |     1 ||     1
  Eat: Chunk             |     1 |     7 |    34 |     6 ||    48
Armor: Animal skin       |     3 |       |       |       ||     3
       Leather armour    |     9 |       |       |       ||     9
       Ring mail         |     5 |     2 |       |       ||     7
       Chain mail        |       |    55 |   251 |    80 ||   386
Dodge: Dodged            |    38 |    47 |   195 |    46 ||   326
Block: Buckler           |       |       |    56 |    21 ||    77

Table legend:
 A = Non-vault XP
 B = Vault XP
 C = Vault XP percentage of total XP
 D = Non-vault monster count
 E = Vault monster count
 F = Vault count percentage of total count
                 A         B        C        D         E       F
            +---------+---------+-------+---------+---------+-------
      Total |    7050 |    3129 |  30.7 |     202 |      84 |  29.4
            +---------+---------+-------+---------+---------+-------
        D:1 |      48 |       0 |   0.0 |      23 |       0 |   0.0
        D:2 |     150 |      79 |  34.5 |      25 |       2 |   7.4
        D:3 |     224 |     373 |  62.5 |      39 |       4 |   9.3
        D:4 |     435 |     602 |  58.1 |      20 |      51 |  71.8
        D:5 |     449 |       0 |   0.0 |      14 |       0 |   0.0
        D:6 |     884 |       0 |   0.0 |      28 |       0 |   0.0
        D:7 |     717 |     339 |  32.1 |      21 |      22 |  51.2
        D:8 |    2382 |       0 |   0.0 |      24 |       0 |   0.0
        D:9 |    1761 |    1736 |  49.6 |       8 |       5 |  38.5
            +---------+---------+-------+---------+---------+-------
